[Event "ICC tourney 2517 (60 10)"]
[Site "Internet Chess Club"]
[Date "2021.04.18"]
[Round "4"]
[White "SLOAN, JED:RisingRook"]
[Black "LESCHINSKY, GARY:GLeschinsky"]
[Result "1/2-1/2"]
[ICCResult "Game drawn because neither player has mating material"]
[WhiteElo "1988"]
[BlackElo "2090"]
[Opening "Caro-Kann: exchange, Rubinstein variation"]
[ECO "B13"]
[NIC "CK.02"]
[Time "10:02:43"]
[PlyCount "129"]
[TimeControl "3600+10"]

1. e4 c6 2. d4 d5 3. exd5 cxd5 4. Bd3 Nc6 5. c3 Nf6 6. Bf4 Bg4 7. Qb3 Qc8
8. Nd2 e6 9. Ngf3 Be7 10. O-O O-O 11. Ne5 Nxe5 12. dxe5 Nd7 13. Qc2 h6 14.
h3 Bh5 15. Bh2 Nc5 16. Bh7+ Kh8 17. g4 g6 18. gxh5 Kxh7 19. Kh1 Qc6 20. f3
Qa4 21. Qxa4 Nxa4 22. hxg6+ fxg6 23. Rab1 b5 24. Nb3 Bc5 25. Nd4 Bxd4 26.
cxd4 Rac8 27. Rfc1 g5 28. Kg2 a6 29. b3 Nb6 30. Bg1 Kg6 31. Be3 Kf7 32. Bd2
Rxc1 33. Rxc1 Rc8 34. Rxc8 Nxc8 35. Bb4 Na7 36. Bc5 Nc6 37. Kg3 Kg6 38. f4
Kf5 39. fxg5 hxg5 40. Kf3 Nd8 41. Be7 Nf7 42. Bf8 Nh8 43. Bb4 Ng6 44. Bd2
Nh4+ 45. Kg3 Ng6 46. Kf3 Nh4+ 47. Kg3 Ke4 48. Bxg5 Nf3 49. Kg4 Nxd4 50. h4
Nf3 51. Bc1 Nxe5+ 52. Kg5 d4 53. h5 d3 54. h6 Nf7+ 55. Kf6 Nxh6 56. Bxh6 e5
57. Bd2 Kf3 58. Kxe5 Ke2 59. Bf4 d2 60. Bxd2 Kxd2 61. Kd4 Kc2 62. Kc5 Kb2
63. a4 Kxb3 64. axb5 axb5 65. Kxb5 { Game drawn because neither player has
mating material } 1/2-1/2

[Event "ICC tourney 2517 (60 10)"]
[Site "Internet Chess Club"]
[Date "2021.04.18"]
[Round "4"]
[White "CHANDI, ISHNOOR SINGH:Ishnoor"]
[Black "NICHOLSON, IAN:outpost"]
[Result "1-0"]
[ICCResult "Black checkmated"]
[WhiteElo "1545"]
[BlackElo "1819"]
[Opening "Sicilian: Alapin's variation (2.c3)"]
[ECO "B22"]
[NIC "SI.47"]
[Time "10:02:46"]
[PlyCount "73"]
[TimeControl "3600+10"]

1. e4 c5 2. c3 Nf6 3. e5 Nd5 4. d4 cxd4 5. cxd4 e6 6. Nf3 d6 7. Bd3 Nc6 8.
O-O Ndb4 9. Bb5 a6 10. Ba4 b5 11. Bb3 dxe5 12. a3 Nd5 13. dxe5 Nce7 14. Bg5
Bb7 15. Nbd2 h6 16. Ne4 hxg5 17. Nd6+ Kd7 18. Nxb7 Qc7 19. Nd6 f6 20. Rc1
Qb6 21. Ne4 Rh6 22. Re1 Rc8 23. Nd6 Rc6 24. Rxc6 Kxc6 25. Re2 g4 26. Bxd5+
exd5 27. Nd4+ Kd7 28. Nf7 Rh5 29. Rc2 f5 30. h3 Rh4 31. e6+ Ke8 32. Qc1
Qxd4 33. Nd6+ Kd8 34. Rc7 Qxf2+ 35. Kxf2 g3+ 36. Kg1 Nc6 37. Rd7# { Black
checkmated } 1-0

[Event "ICC tourney 2517 (60 10)"]
[Site "Internet Chess Club"]
[Date "2021.04.18"]
[Round "4"]
[White "GAW, CHLOE:HarleyQueen8"]
[Black "MALLADI, EESHAAN VARSHITH SAI:Eeshaan16"]
[Result "1-0"]
[ICCResult "Black resigns"]
[WhiteElo "1905"]
[BlackElo "1891"]
[Opening "QGD: exchange, positional line, 5...c6"]
[ECO "D35"]
[NIC "QO.16"]
[Time "10:02:47"]
[PlyCount "117"]
[TimeControl "3600+10"]

1. d4 d5 2. c4 e6 3. Nc3 Nf6 4. cxd5 exd5 5. Bg5 c6 6. e3 Be7 7. Bd3 Nbd7
8. Nge2 h6 9. Bh4 Nh5 10. Bxe7 Qxe7 11. O-O O-O 12. Rb1 a5 13. a3 Re8 14.
b4 axb4 15. axb4 b5 16. Qb3 Nb6 17. Ra1 Bd7 18. Kh1 f5 19. Ng1 Be6 20. Nf3
Nd7 21. Rfc1 Qd6 22. Ne2 Rec8 23. Rxa8 Rxa8 24. Qc2 Ra6 25. Bxf5 Bxf5 26.
Qxf5 Nhf6 27. Ne5 Nf8 28. Qc8 Ra2 29. Ng3 Rxf2 30. Nxc6 Qd7 31. Qb8 h5 32.
Kg1 Ng4 33. Ne5 Nxe5 34. Qxe5 Rb2 35. Nxh5 Qg4 36. Qxd5+ Kh7 37. Ng3 Ng6
38. Qe4 Qxe4 39. Nxe4 Nh4 40. Nf2 Rxb4 41. d5 Nf5 42. e4 Ne3 43. h3 Rd4 44.
Rc3 Nc4 45. Rd3 Rxd3 46. Nxd3 Kh6 47. e5 Kg5 48. d6 Nb6 49. g4 Kg6 50. Kf2
Kf7 51. Kf3 Ke6 52. Ke4 g5 53. Nc5+ Kf7 54. e6+ Kf6 55. Nd7+ Kxe6 56. Nxb6
b4 57. Nc4 b3 58. Kd3 b2 59. Kc2 { Black resigns } 1-0

[Event "ICC tourney 2517 (60 10)"]
[Site "Internet Chess Club"]
[Date "2021.04.18"]
[Round "5"]
[White "CAO, ZHIYU:BlueZillop"]
[Black "Lee, Noah:noahl08"]
[Result "0-1"]
[ICCResult "White checkmated"]
[WhiteElo "1312"]
[BlackElo "1454"]
[Opening "QGD Slav: exchange variation, 6.Bf4 Bf5"]
[ECO "D14"]
[NIC "SL.01"]
[Time "13:26:41"]
[PlyCount "46"]
[TimeControl "3600+10"]

1. c4 c6 2. d4 d5 3. cxd5 cxd5 4. Nc3 Nf6 5. Nf3 Bf5 6. Bf4 Nc6 7. g3 e6 8.
Bg2 Bd6 9. Bxd6 Qxd6 10. Nh4 Bg6 11. Nxg6 hxg6 12. O-O O-O-O 13. Rc1 Kb8
14. e3 Rh7 15. a3 Rdh8 16. h3 g5 17. g4 Rh4 18. Nb5 Qd7 19. f3 a6 20. Nc3
Qd6 21. b4 Qg3 22. b5 Rxh3 23. Qe1 Rh1# { White checkmated } 0-1

[Event "ICC tourney 2517 (60 10)"]
[Site "Internet Chess Club"]
[Date "2021.04.18"]
[Round "5"]
[White "YU, SICHENG:CheddarCheng1"]
[Black "Messinger, Dashiell:dancingbananas"]
[Result "1-0"]
[ICCResult "Black checkmated"]
[WhiteElo "1427"]
[BlackElo "1251"]
[Opening "Sicilian: Kan, 5.Nc3"]
[ECO "B43"]
[NIC "SI.41"]
[Time "13:26:04"]
[PlyCount "47"]
[TimeControl "3600+10"]

1. e4 c5 2. Nf3 e6 3. d4 cxd4 4. Nxd4 a6 5. Nc3 Qc7 6. Be3 Nf6 7. Qd2 Be7
8. f3 b6 9. O-O-O Bb7 10. g4 Nc6 11. h4 d6 12. h5 O-O-O 13. g5 Ne8 14. Nxc6
Bxc6 15. Bxa6+ Kb8 16. Qd4 Ka7 17. Nb5+ Bxb5 18. Bxb5 Rc8 19. Qa4+ Kb8 20.
Rd3 d5 21. Rc3 Qd8 22. Bc6 Nc7 23. Bxb6 Qd7 24. Qa7# { Black checkmated }
1-0

[Event "ICC tourney 2517 (60 10)"]
[Site "Internet Chess Club"]
[Date "2021.04.18"]
[Round "5"]
[White "Ananth, Ananya:Ananya22609"]
[Black "KIM, CHARLIE BEAR:charliekim"]
[Result "1-0"]
[ICCResult "Black resigns"]
[WhiteElo "1637"]
[BlackElo "1422"]
[Opening "Scotch: Mieses variation"]
[ECO "C45"]
[NIC "SO.04"]
[Time "13:26:05"]
[PlyCount "57"]
[TimeControl "3600+10"]

1. e4 e5 2. Nf3 Nc6 3. d4 exd4 4. Nxd4 Nf6 5. Nxc6 bxc6 6. e5 Qe7 7. Qe2
Nd5 8. c4 Nb6 9. b3 c5 10. Bb2 Bb7 11. Nd2 d6 12. exd6 Qxe2+ 13. Bxe2 cxd6
14. Bf3 Rb8 15. O-O-O Rg8 16. Rhe1+ Be7 17. Ne4 Kd7 18. Nxc5+ Kc8 19. Bxb7+
Kd8 20. Bf3 Bg5+ 21. Kb1 Kc7 22. Ne4 Be7 23. Nc3 Bf6 24. Nd5+ Kd7 25. Nxb6+
Rxb6 26. Bxf6 gxf6 27. Rd5 Rc8 28. Ka1 Ra6 29. Bg4+ { Black resigns } 1-0

[Event "ICC tourney 2517 (60 10)"]
[Site "Internet Chess Club"]
[Date "2021.04.18"]
[Round "5"]
[White "IGEL, LIAH:ilikegoose"]
[Black "DASARI, ARJUN:CHESSB111"]
[Result "1-0"]
[ICCResult "Black checkmated"]
[WhiteElo "1493"]
[BlackElo "1292"]
[Opening "two knights: Max Lange attack, Steinitz variation"]
[ECO "C50"]
[NIC "IG.02"]
[Time "13:26:17"]
[PlyCount "133"]
[TimeControl "3600+10"]

1. e4 e5 2. Nf3 Nc6 3. Bc4 Bc5 4. O-O Nf6 5. d4 exd4 6. e5 Ng4 7. h3 Ngxe5
8. Nxe5 Nxe5 9. Re1 d6 10. f4 d3+ 11. Kh1 O-O 12. fxe5 dxe5 13. Qxd3 Qf6
14. Qf3 Qh4 15. Rf1 Be6 16. Bd3 f5 17. Be2 e4 18. Qf4 Qe7 19. Nc3 Bd6 20.
Qg5 Qd7 21. Bf4 Bxf4 22. Qxf4 Qf7 23. Nb5 c6 24. Nd4 Bd5 25. Qxf5 Qxf5 26.
Rxf5 Rxf5 27. Nxf5 Rf8 28. Ne7+ Kh8 29. Nxd5 cxd5 30. Rd1 Rd8 31. c4 d4 32.
Bg4 d3 33. Kg1 e3 34. Kf1 Rf8+ 35. Kg1 e2 36. Bxe2 dxe2 37. Re1 Rf1+ 38.
Rxf1 exf1=Q+ 39. Kxf1 Kg8 40. Ke2 Kf7 41. Kd3 Ke6 42. Ke4 Kd6 43. Kd4 b6
44. b4 g6 45. g3 h6 46. h4 g5 47. hxg5 hxg5 48. g4 a6 49. a3 a5 50. c5+
bxc5+ 51. bxc5+ Kc6 52. Kc4 a4 53. Kb4 Kb7 54. Kxa4 Kc6 55. Kb4 Kb7 56. Kc4
Kc6 57. a4 Kb7 58. a5 Ka6 59. c6 Kxa5 60. c7 Kb6 61. c8=Q Ka7 62. Qd7+ Kb6
63. Qb5+ Kc7 64. Kd5 Kd8 65. Qb7 Ke8 66. Ke6 Kd8 67. Qd7# { Black
checkmated } 1-0

[Event "ICC tourney 2517 (60 10)"]
[Site "Internet Chess Club"]
[Date "2021.04.18"]
[Round "5"]
[White "Chin, Spencer:Baseballchamp"]
[Black "ESPINAL, GABRIEL:vsausemicheal"]
[Result "1-0"]
[ICCResult "Black resigns"]
[WhiteElo "1913"]
[BlackElo "1590"]
[Opening "Petrov's defense"]
[ECO "C42"]
[NIC "RG.03"]
[Time "13:26:27"]
[PlyCount "65"]
[TimeControl "3600+10"]

1. e4 e5 2. Nf3 Nf6 3. Nxe5 Nc6 4. Nxc6 dxc6 5. e5 Ne4 6. d4 c5 7. d5 Qh4
8. Qf3 Ng5 9. Qf4 Qxf4 10. Bxf4 h6 11. c4 Bf5 12. Nc3 O-O-O 13. h4 Ne4 14.
Bd3 Ng3 15. Bxf5+ Nxf5 16. O-O-O Nd4 17. Ne4 Ne2+ 18. Kc2 Nxf4 19. g3 Ne2
20. b4 Nd4+ 21. Kc3 b6 22. f4 Be7 23. bxc5 Bxc5 24. Rxd4 Bxd4+ 25. Kxd4 c6
26. Nd6+ Kc7 27. Nxf7 cxd5 28. Nxd8 Rxd8 29. cxd5 Kb7 30. Rc1 Rd7 31. d6 g6
32. Kd5 a6 33. e6 { Black resigns } 1-0

[Event "ICC tourney 2517 (60 10)"]
[Site "Internet Chess Club"]
[Date "2021.04.18"]
[Round "5"]
[White "SMITH, SILAS:agent1337"]
[Black "Xiao, Marina:marinaxiao"]
[Result "1-0"]
[ICCResult "Black checkmated"]
[WhiteElo "1717"]
[BlackElo "1512"]
[Opening "King's Indian: Sämisch, 5...O-O"]
[ECO "E81"]
[NIC "KI.52"]
[Time "13:26:09"]
[PlyCount "95"]
[TimeControl "3600+10"]

1. d4 Nf6 2. c4 g6 3. Nc3 Bg7 4. e4 d6 5. f3 O-O 6. Nge2 e5 7. dxe5 dxe5 8.
Qxd8 Rxd8 9. Nd5 Nxd5 10. cxd5 c6 11. Nc3 f5 12. Bc4 Kh8 13. Bg5 Rd7 14.
O-O-O b5 15. dxc6 Rxd1+ 16. Rxd1 Nxc6 17. Bxb5 Nd4 18. Bc4 Bb7 19. Kb1 h6
20. Be3 fxe4 21. fxe4 g5 22. Bd5 Bxd5 23. Nxd5 Rb8 24. Bxd4 exd4 25. b3 Re8
26. Re1 h5 27. Kc2 g4 28. Kd3 Kg8 29. b4 Kf7 30. a4 Be5 31. Rf1+ Kg6 32. g3
h4 33. Nf4+ Kg5 34. gxh4+ Kxh4 35. Ng6+ Kh3 36. Nxe5 Rxe5 37. Rf2 Rg5 38.
Kxd4 g3 39. hxg3 Kxg3 40. Rf5 Rxf5 41. exf5 Kf4 42. f6 Kg5 43. f7 Kh5 44.
f8=Q Kh4 45. Qg7 Kh5 46. Ke4 Kh4 47. Kf4 Kh3 48. Qg3# { Black checkmated }
1-0

[Event "ICC tourney 2517 (60 10)"]
[Site "Internet Chess Club"]
[Date "2021.04.18"]
[Round "5"]
[White "NEMMALI, PRATEEK R:Priccchess"]
[Black "CHEUNG, RYAN:H2ODerp"]
[Result "1/2-1/2"]
[ICCResult "Game drawn by mutual agreement"]
[WhiteElo "1822"]
[BlackElo "2076"]
[Opening "French: exchange variation"]
[ECO "C01"]
[NIC "FR.01"]
[Time "13:26:16"]
[PlyCount "37"]
[TimeControl "3600+10"]

1. e4 e6 2. d4 d5 3. exd5 exd5 4. Nf3 Bd6 5. Bd3 Ne7 6. Nc3 O-O 7. O-O c6
8. h3 Bf5 9. Ne2 Nd7 10. Bf4 Nf6 11. Bxd6 Qxd6 12. Ng3 Bg6 13. Re1 Rae8 14.
c3 Nh5 15. Bxg6 hxg6 16. Nxh5 gxh5 17. Ne5 g6 18. Qf3 Kg7 19. Re2 { Game
drawn by mutual agreement } 1/2-1/2

[Event "ICC tourney 2517 (60 10)"]
[Site "Internet Chess Club"]
[Date "2021.04.18"]
[Round "5"]
[White "Shah, Rohail:batmanthechamp"]
[Black "Xiao, Michael:michaelxiao"]
[Result "1-0"]
[ICCResult "Black checkmated"]
[WhiteElo "1465"]
[BlackElo "1272"]
[Opening "French: advance, Paulsen attack"]
[ECO "C02"]
[NIC "FR.03"]
[Time "13:26:33"]
[PlyCount "65"]
[TimeControl "3600+10"]

1. e4 e6 2. d4 d5 3. e5 c5 4. c3 Nc6 5. Nf3 Qb6 6. dxc5 Bxc5 7. Qc2 Nge7 8.
b4 Bxb4 9. cxb4 Nxb4 10. Qb3 Qc5 11. Bd3 Bd7 12. Ba3 Nxd3+ 13. Qxd3 Qa5+
14. Nbd2 Rc8 15. Qb3 Nc6 16. O-O d4 17. Nc4 Qc7 18. Nd6+ Kd8 19. Nxf7+ Ke8
20. Nd6+ Kd8 21. Nxb7+ Ke8 22. Nd6+ Kd8 23. Nf7+ Ke8 24. Nxh8 Nxe5 25. Nxe5
Qxe5 26. Qb4 Qf6 27. Rac1 Bc6 28. Qd6 Bd7 29. Rxc8+ Bxc8 30. Rc1 Bd7 31.
Rc7 Bc6 32. Rc8+ Qd8 33. Qe7# { Black checkmated } 1-0

[Event "ICC tourney 2517 (60 10)"]
[Site "Internet Chess Club"]
[Date "2021.04.18"]
[Round "5"]
[White "BURTON, ERICA:EChessPlayer"]
[Black "MISHRA, ARYAN:incredibleking"]
[Result "1-0"]
[ICCResult "Black checkmated"]
[WhiteElo "1039"]
[BlackElo "1736"]
[Opening "Sicilian: Alapin's variation (2.c3)"]
[ECO "B22"]
[NIC "SI.46"]
[Time "13:26:17"]
[PlyCount "69"]
[TimeControl "3600+10"]

1. e4 c5 2. c3 Nc6 3. d4 cxd4 4. cxd4 e6 5. Nf3 d5 6. Nc3 Bb4 7. exd5 exd5
8. Ne5 Nxe5 9. dxe5 d4 10. Qa4+ Bd7 11. Qxb4 dxc3 12. Qxc3 Ne7 13. Bc4 O-O
14. O-O Bc6 15. b3 Nf5 16. Bb2 Qg5 17. g3 Nh4 18. f4 Qg6 19. Bd3 Nf5 20.
Bxf5 Qxf5 21. e6 f6 22. e7 Rfe8 23. Rfe1 Qh3 24. Qc4+ Kh8 25. Qf1 Qf5 26.
Rad1 Rac8 27. Qd3 Qc5+ 28. Bd4 Qd5 29. Rd2 Qg2+ 30. Rxg2 Bxg2 31. Kxg2 Rc7
32. Bxa7 Rcxe7 33. Rxe7 Rxe7 34. Qd8+ Re8 35. Qxe8# { Black checkmated }
1-0

[Event "ICC tourney 2517 (60 10)"]
[Site "Internet Chess Club"]
[Date "2021.04.18"]
[Round "5"]
[White "Wen, Kally:kwen2008"]
[Black "JOSEPH, JAHIA:ZhonglisMeteor"]
[Result "1-0"]
[ICCResult "Black checkmated"]
[WhiteElo "1720"]
[BlackElo "1385"]
[Opening "QGA: 3.Nf3"]
[ECO "D21"]
[NIC "QG.05"]
[Time "13:26:04"]
[PlyCount "107"]
[TimeControl "3600+10"]

1. d4 d5 2. c4 dxc4 3. Nf3 g6 4. e3 Bg7 5. Bxc4 Nf6 6. O-O O-O 7. Nc3 e6 8.
a3 a6 9. Re1 b5 10. Ba2 Bb7 11. b4 Nbd7 12. Bb2 Nb6 13. Rc1 Ne4 14. Nxe4
Bxe4 15. Nd2 Bb7 16. Qc2 c6 17. Nb3 Na4 18. Na5 Qd7 19. Bb3 Nxb2 20. Qxb2
Rab8 21. Bd1 Ba8 22. Bf3 e5 23. dxe5 Rfe8 24. Qe2 Rbc8 25. Bg4 Qc7 26. Bxc8
Rxc8 27. Rc2 Bxe5 28. h3 Qd6 29. Rec1 Qf6 30. Qg4 Rc7 31. Rd1 h5 32. Qe2
Bd6 33. Nb3 Qe5 34. f4 Qe7 35. Rcd2 c5 36. bxc5 Bxc5 37. Nxc5 Qxc5 38. Rd8+
Kg7 39. Rxa8 Qxa3 40. Qd3 Qxd3 41. Rxd3 Rc1+ 42. Kh2 Ra1 43. Rd6 a5 44. Rb6
b4 45. Rxb4 axb4 46. Rxa1 Kf6 47. Rb1 Kf5 48. Rxb4 Ke6 49. Kg3 f5 50. Kh4
Kf7 51. Kg5 Kg7 52. Rb7+ Kf8 53. Kxg6 Kg8 54. Rb8# { Black checkmated } 1-0

[Event "ICC tourney 2517 (60 10)"]
[Site "Internet Chess Club"]
[Date "2021.04.18"]
[Round "5"]
[White "BOONCHAROEN, NATHAN:Strawberrydevil"]
[Black "KISLAY, KAUSTUBH:MehPlayer"]
[Result "1-0"]
[ICCResult "Black resigns"]
[WhiteElo "1664"]
[BlackElo "1430"]
[Opening "Sicilian: accelerated fianchetto, Maróczy bind, 6.Be3"]
[ECO "B38"]
[NIC "SI.33"]
[Time "13:26:20"]
[PlyCount "59"]
[TimeControl "3600+10"]

1. e4 c5 2. Nf3 Nc6 3. d4 cxd4 4. Nxd4 g6 5. Be3 Bg7 6. c4 Nf6 7. Nc3 d6 8.
Be2 h5 9. h3 a6 10. Qd2 Ne5 11. f4 Nc6 12. O-O-O Bd7 13. f5 Nxd4 14. Bxd4
gxf5 15. Bxf6 Bxf6 16. exf5 Bxf5 17. Rhf1 Bg6 18. Bd3 Rc8 19. Rde1 O-O 20.
Bxg6 fxg6 21. Qh6 Qe8 22. g4 Rc5 23. Nd5 Rxc4+ 24. Kb1 Bg7 25. Rxf8+ Qxf8
26. Qxg6 Qf2 27. Qe8+ Kh7 28. Qxh5+ Bh6 29. Rxe7+ Kg8 30. Qg6+ { Black
resigns } 1-0

[Event "ICC tourney 2517 (60 10)"]
[Site "Internet Chess Club"]
[Date "2021.04.18"]
[Round "5"]
[White "WANG, KEVIN:Deepbrainfinal"]
[Black "ROBERTS, ASTON:AstonRoberts"]
[Result "0-1"]
[ICCResult "White resigns"]
[WhiteElo "1431"]
[BlackElo "1696"]
[Opening "English, Kramnik-Shirov counterattack"]
[ECO "A21"]
[NIC "EO.23"]
[Time "13:26:18"]
[PlyCount "106"]
[TimeControl "3600+10"]

1. c4 e5 2. Nc3 Bb4 3. Nd5 Bc5 4. e3 c6 5. Nc3 Bb4 6. Nf3 Bxc3 7. bxc3 e4
8. Nd4 Nf6 9. Be2 d5 10. cxd5 cxd5 11. Ba3 Nc6 12. Bb5 Bd7 13. Bxc6 bxc6
14. O-O Rc8 15. Nb3 Ng4 16. h3 Ne5 17. Qh5 Qf6 18. Bc5 Nd3 19. Bd4 Qf5 20.
Qxf5 Bxf5 21. g4 Be6 22. Nc1 Nb2 23. Rb1 Nc4 24. Rd1 c5 25. Bxg7 Rg8 26.
Bh6 Rg6 27. g5 Bxh3 28. d3 Bg4 29. dxc4 Bxd1 30. cxd5 f6 31. Rb7 Rd8 32. c4
Rd7 33. Rb8+ Ke7 34. Nb3 Bxb3 35. axb3 Rd8 36. Rb7+ Kd6 37. Rxh7 Rdg8 38.
Kf1 fxg5 39. Rxa7 Ke5 40. Re7+ Kf6 41. Re6+ Kf5 42. Rxg6 Kxg6 43. Bxg5 Kxg5
44. Ke2 Rb8 45. f3 Kf5 46. fxe4+ Kxe4 47. b4 cxb4 48. d6 b3 49. d7 b2 50.
d8=Q Rxd8 51. Kf2 b1=Q 52. c5 Rf8+ 53. Ke2 Qd3+ { White resigns } 0-1

[Event "ICC tourney 2517 (60 10)"]
[Site "Internet Chess Club"]
[Date "2021.04.18"]
[Round "5"]
[White "LIAO, CAITLIN:che8642"]
[Black "Ng, Timothy:timothyng2007"]
[Result "0-1"]
[ICCResult "White checkmated"]
[WhiteElo "1530"]
[BlackElo "1801"]
[Opening "Pirc: Byrne variation"]
[ECO "B07"]
[NIC "PU.09"]
[Time "13:26:27"]
[PlyCount "64"]
[TimeControl "3600+10"]

1. d4 Nf6 2. Nc3 g6 3. e4 d6 4. Bg5 Bg7 5. Qd2 c6 6. Be2 b5 7. a3 Nbd7 8.
h4 h5 9. f3 Nb6 10. Nh3 Be6 11. d5 cxd5 12. Bxb5+ Bd7 13. Bxd7+ Qxd7 14.
exd5 Nc4 15. Qd4 Rc8 16. Ne4 Ne5 17. Nxf6+ exf6 18. Be3 Rxc2 19. O-O O-O
20. Rac1 Rxc1 21. Rxc1 Nxf3+ 22. gxf3 Qxh3 23. Qf4 Re8 24. Bxa7 f5 25. Rb1
Re2 26. Bf2 Be5 27. Qe3 Rxe3 28. Bxe3 Qg3+ 29. Kf1 Qxf3+ 30. Ke1 Qxe3+ 31.
Kd1 Qd3+ 32. Kc1 Bf4# { White checkmated } 0-1

[Event "ICC tourney 2517 (60 10)"]
[Site "Internet Chess Club"]
[Date "2021.04.18"]
[Round "5"]
[White "CHAN, JADEN J:acushemama"]
[Black "HUANG, JASON:Chesssmolbrain"]
[Result "1/2-1/2"]
[ICCResult "Game drawn by mutual agreement"]
[WhiteElo "1522"]
[BlackElo "1361"]
[Opening "QGD Slav: 4.Nc3"]
[ECO "D15"]
[NIC "SL.03"]
[Time "13:26:06"]
[PlyCount "122"]
[TimeControl "3600+10"]

1. d4 d5 2. c4 c6 3. Nf3 Nf6 4. Nc3 Bf5 5. Bf4 e6 6. e3 Ne4 7. a3 Nxc3 8.
bxc3 Bd6 9. Bxd6 Qxd6 10. Be2 O-O 11. O-O Nd7 12. c5 Qc7 13. Bd3 Bg6 14.
Bxg6 hxg6 15. Qc2 e5 16. Rab1 e4 17. Nd2 Rab8 18. c4 Rfc8 19. Rfc1 b6 20.
cxd5 cxd5 21. c6 Nf8 22. Rb5 Qd6 23. Rb3 Rc7 24. Rc3 Rbc8 25. a4 Ne6 26. a5
Nd8 27. Qa4 Rxc6 28. Rxc6 Rxc6 29. Rxc6 Nxc6 30. axb6 axb6 31. Qb3 Na5 32.
Qb5 Kf8 33. g3 Ke7 34. Nb3 Nxb3 35. Qxb3 Ke6 36. Qb5 f5 37. Qe8+ Kf6 38.
Qh8 b5 39. Qc8 b4 40. Qb7 g5 41. Qb5 g6 42. Kg2 Ke7 43. Qb7+ Kd8 44. Qa8+
Kc7 45. Qa7+ Kc8 46. Qa8+ Qb8 47. Qc6+ Kd8 48. Qxd5+ Ke7 49. Qc5+ Kd7 50.
Qd5+ Kc7 51. Qe5+ Kc8 52. Qc5+ Kd7 53. Qd5+ Ke7 54. Qc5+ Ke8 55. Qc6+ Kf7
56. Qd7+ Kf8 57. Qe6 b3 58. Qf6+ Ke8 59. Qxg6+ Kd7 60. Qxf5+ Kc6 61. Qc5+
Kd7 { Game drawn by mutual agreement } 1/2-1/2

[Event "ICC tourney 2517 (60 10)"]
[Site "Internet Chess Club"]
[Date "2021.04.18"]
[Round "5"]
[White "OH, JAMES Y:lemon365"]
[Black "CHEN, HENRY:Bluebird1222"]
[Result "1-0"]
[ICCResult "Black checkmated"]
[WhiteElo "2023"]
[BlackElo "1669"]
[Opening "Sicilian: Canal-Sokolsky attack, 3...Bd7"]
[ECO "B52"]
[NIC "SI.01"]
[Time "13:26:37"]
[PlyCount "79"]
[TimeControl "3600+10"]

1. e4 c5 2. Nf3 d6 3. Bb5+ Bd7 4. c4 Bxb5 5. cxb5 Nd7 6. Nc3 Ngf6 7. d4
cxd4 8. Nxd4 Nc5 9. f3 g6 10. O-O Bg7 11. a4 O-O 12. a5 Ncd7 13. Be3 Ne5
14. Qe2 d5 15. f4 Neg4 16. e5 Nxe3 17. Qxe3 Ne8 18. a6 bxa6 19. Rxa6 e6 20.
Rfa1 Qc7 21. Rc6 Qb7 22. Na4 Nc7 23. Nc5 Qb8 24. Nd7 Qb7 25. Nxf8 Bxf8 26.
Qd3 Rb8 27. Kf1 Nxb5 28. Qxb5 Qxb5+ 29. Nxb5 Rxb5 30. Rxa7 Rxb2 31. Rcc7
Rb1+ 32. Ke2 Rb2+ 33. Kf3 Rb3+ 34. Kg4 h5+ 35. Kg5 Rb2 36. g3 Rxh2 37. Rxf7
h4 38. Kf6 hxg3 39. Ra8 g2 40. Raxf8# { Black checkmated } 1-0

[Event "ICC tourney 2517 (60 10)"]
[Site "Internet Chess Club"]
[Date "2021.04.18"]
[Round "5"]
[White "WAKIDA, KEN:Yamato1945"]
[Black "SLATER, DANIL:danilattack"]
[Result "0-1"]
[ICCResult "White resigns"]
[WhiteElo "1439"]
[BlackElo "1700"]
[Opening "Benkö gambit: fianchetto variation"]
[ECO "A58"]
[NIC "BI.39"]
[Time "13:26:16"]
[PlyCount "79"]
[TimeControl "3600+10"]

1. d4 Nf6 2. c4 c5 3. d5 b5 4. cxb5 a6 5. bxa6 Bxa6 6. Nc3 d6 7. Nf3 g6 8.
g3 Bg7 9. Bg2 O-O 10. O-O Qa5 11. Re1 Nbd7 12. e4 Ng4 13. Qc2 Nge5 14. Nxe5
Nxe5 15. Rd1 Rfb8 16. Bd2 Bd3 17. Qc1 Qb6 18. b3 c4 19. bxc4 Bxc4 20. Rb1
Qa7 21. Rxb8+ Rxb8 22. Be3 Qa5 23. Nb1 Bxa2 24. Nd2 Ng4 25. Bf4 Bd4 26. Rf1
Ne5 27. Qc2 Rb2 28. Qc8+ Kg7 29. Nf3 Nxf3+ 30. Bxf3 e5 31. dxe6 Rxf2 32.
Bh6+ Kxh6 33. Qf8+ Bg7 34. Qxf7 Rxf1+ 35. Kxf1 Bc4+ 36. Be2 Qa1+ 37. Kg2
Qa2 38. Qf4+ g5 39. Qf7 Qxe2+ 40. Kg1 { White resigns } 0-1

[Event "ICC tourney 2517 (60 10)"]
[Site "Internet Chess Club"]
[Date "2021.04.18"]
[Round "5"]
[White "REDDY, TANVI CHINTHAGUNTA:tcrgm"]
[Black "Shah, Jai K:nyclic"]
[Result "1-0"]
[ICCResult "Black checkmated"]
[WhiteElo "1564"]
[BlackElo "1384"]
[Opening "French: advance, Paulsen attack"]
[ECO "C02"]
[NIC "FR.03"]
[Time "13:26:17"]
[PlyCount "53"]
[TimeControl "3600+10"]

1. e4 e6 2. d4 d5 3. e5 c5 4. c3 Nc6 5. Nf3 Qb6 6. Be2 cxd4 7. cxd4 Bb4+ 8.
Nc3 Nge7 9. O-O Nf5 10. Be3 O-O 11. Qd2 Bd7 12. Rfd1 Rac8 13. Bd3 Nfxd4 14.
Bxd4 Nxd4 15. Nxd4 g6 16. Bc2 Rc4 17. Nf3 Rfc8 18. Bb3 Bxc3 19. bxc3 Rxc3
20. Qh6 Ba4 21. Bxa4 Qc7 22. Ng5 Rc4 23. Qxh7+ Kf8 24. Qh8+ Ke7 25. Qf6+
Kf8 26. Nxe6+ Kg8 27. Qg7# { Black checkmated } 1-0

[Event "ICC tourney 2517 (60 10)"]
[Site "Internet Chess Club"]
[Date "2021.04.18"]
[Round "5"]
[White "HARDAWAY, BREWINGTON:CoolBoy2020"]
[Black "GAW, CHLOE:HarleyQueen8"]
[Result "1/2-1/2"]
[ICCResult "Game drawn by mutual agreement"]
[WhiteElo "2201"]
[BlackElo "1905"]
[Opening "Sicilian: Boleslavsky variation, 7.Nb3"]
[ECO "B59"]
[NIC "SI.25"]
[Time "13:26:15"]
[PlyCount "71"]
[TimeControl "3600+10"]

1. e4 c5 2. Nf3 d6 3. d4 cxd4 4. Nxd4 Nf6 5. Nc3 Nc6 6. Be2 e5 7. Nb3 Be7
8. O-O Be6 9. Be3 d5 10. exd5 Nxd5 11. Nxd5 Qxd5 12. Qxd5 Bxd5 13. Rfd1
O-O-O 14. f4 Bf6 15. c3 Rhe8 16. Bg4+ Kc7 17. fxe5 Nxe5 18. Bf4 Kb6 19.
Be3+ Kc7 20. Bf4 Kb6 21. Bxe5 Bxe5 22. Nd4 Be4 23. Nb3 Bc2 24. Rf1 Bf6 25.
Rfe1 Rxe1+ 26. Rxe1 Bxb3 27. axb3 Rd2 28. Re2 Rxe2 29. Bxe2 Bg5 30. b4 Bc1
31. b3 Bd2 32. c4 Bxb4 33. Kf2 Bd6 34. h3 Kc5 35. Ke3 Kb4 36. Bd1 { Game
drawn by mutual agreement } 1/2-1/2

[Event "ICC tourney 2517 (60 10)"]
[Site "Internet Chess Club"]
[Date "2021.04.18"]
[Round "5"]
[White "GUILLEMETTE, HUGO:Heliosis"]
[Black "Reiss, Aiden:Aidenrchess"]
[Result "0-1"]
[ICCResult "White resigns"]
[WhiteElo "1894"]
[BlackElo "1853"]
[Opening "Sicilian: Canal-Sokolsky (Nimzovich-Rossolimo, Moscow) attack"]
[ECO "B51"]
[NIC "SI.01"]
[Time "13:26:05"]
[PlyCount "84"]
[TimeControl "3600+10"]

1. e4 c5 2. Nf3 d6 3. Bb5+ Nd7 4. d4 cxd4 5. Qxd4 a6 6. Bxd7+ Bxd7 7. Nc3
Nf6 8. Bg5 e6 9. O-O Be7 10. Rad1 Qc7 11. e5 dxe5 12. Qxe5 Qc6 13. Nd4 Qb6
14. Nb3 Bc6 15. Be3 Qb4 16. Rd4 Qb6 17. Rd2 Qb4 18. Rd4 Qb6 19. Rfd1 Rc8
20. h3 Qc7 21. Qxc7 Rxc7 22. Bf4 Rd7 23. Rxd7 Nxd7 24. Nd4 Bxg2 25. Kxg2 e5
26. Bxe5 Nxe5 27. Re1 Ng6 28. Nd5 Kd7 29. Nxe7 Nxe7 30. Kf3 Re8 31. c4 Nc6
32. Rxe8 Nxd4+ 33. Ke4 Kxe8 34. Kxd4 Kd7 35. Kd5 a5 36. a4 b6 37. c5 bxc5
38. Kxc5 h5 39. h4 g5 40. Kd4 gxh4 41. Ke4 h3 42. Kf3 h4 { White resigns }
0-1